 Dungeon Crawl Stone Soup version 0.27.0-1-g7a089689b8 (webtiles) character file.

Game seed: 15979408022895303093

124 horus123 the Shooter (level 4, -2/26 HPs)
             Began as a Deep Elf Hunter on Aug 14, 2021.
             Slain by a gnoll (5 damage)
             ... on level 4 of the Dungeon.
             The game lasted 00:05:48 (2399 turns).

horus123 the Shooter (Deep Elf Hunter)              Turns: 2399, Time: 00:05:49

Health: -2/26      AC: 14    Str:  9    XL:     4   Next: 81%
Magic:  4/6        EV:  4    Int: 16    God:
Gold:   96         SH:  0    Dex: 16    Spells: 3/3 levels left

rFire    . . .     SeeInvis .   a - +1 shortbow
rCold    . . .     Faith    .   (shield currently unavailable)
rNeg     . . .     Spirit   .   o - +4 chain mail
rPois    .         Reflect  .   (no helmet)
rElec    .         Harm     .   (no cloak)
rCorr    .         Rampage  .   e - +0 pair of gloves
Will     .....                  f - +0 pair of boots
Stlth    ..........             (no amulet)
HPRegen  0.08/turn              (no ring)
MPRegen  0.10/turn              (no ring)

@: about to teleport
A: no striking features
a: no special abilities


You were on level 4 of the Dungeon.
You visited 1 branch of the dungeon, and saw 4 of its levels.

You collected 96 gold pieces.

Inventory:

Hand Weapons
 a - a +1 shortbow (weapon)
 b - a +0 short sword
 i - a +4 antimagic short sword
Missiles
 d - 81 arrows (quivered ammo)
Armour
 c - a +0 leather armour
 e - a +0 pair of gloves (worn)
 f - a +0 pair of boots (worn)
 l - a +0 robe
 o - a +4 chain mail (worn)
Scrolls
 j - a scroll of identify {unknown}
 n - a scroll of immolation {unknown}
Potions
 g - 3 potions of might {unknown}
 h - 2 potions of brilliance {unknown}
 k - a potion of degeneration {unknown}


   Skills:
 + Level 1.9 Fighting
 * Level 7.5 Bows
 + Level 0.5 Armour
 + Level 2.5 Dodging
 * Level 2.2 Stealth


You had 3 spell levels left.
You didn't know any spells.
Your spell library contained the following spells:

 Spells                   Type           Power      Damage    Failure   Level
 Petrify                  Tmut/Erth      0%         N/A       100%        4
 Metabolic Englaciation   Hex/Ice        0%         N/A       100%        5
 Statue Form              Tmut/Erth      0%         N/A       100%        6


Dungeon Overview and Level Annotations

Branches:
Dungeon (4/15)             Temple (0/1) D:4

Altars:
Sif Muna
Trog

Shops:
D:1 [*?

Annotations:
D:4 Blork the orc


Message History

* * * LOW HITPOINT WARNING * * *
Blork the orc miscasts a cantrip.
Your surroundings suddenly seem different.
Found a scroll labelled ZEVVAPO KOEPS.
You start resting.
A quokka comes into view.
You feel magic returning to you.
a - a +1 shortbow (weapon)
You start resting.
A quokka is nearby!
You are too injured to fight recklessly!
You are too injured to fight recklessly!
Fire: 82 arrows
Press: ? - help, Q - select action Shift-Dir - straight line, f - quokka
Aim: a quokka (54% to hit)
You shoot an arrow. The arrow closely misses the quokka.
You hear a shout!
An ogre comes into view. It is wielding a +0 giant club.
A phantom comes into view.
Found a stone staircase leading up.
A howler monkey skeleton comes into view.
The quokka twitches its whiskers.
Found an escape hatch in the ceiling.
A worm comes into view.
The howler monkey skeleton barely misses you.
The worm moves out of view.
A gnoll comes into view. It is wielding a +0 spear.
A gnoll comes into view. It is wielding a +0 club.
The gnoll shouts! x2; You hear a shout! x2
Found a stone staircase leading down. 2 gnolls come into view.
The gnoll shouts! x2
The worm bites you but does no damage.
The howler monkey skeleton hits you but does no damage.
As you read the scroll of teleportation, it crumbles to dust.
You feel strangely unstable.
The gnoll hits you from afar with a +0 spear.
* * * LOW HITPOINT WARNING * * *
The gnoll hits you with a +0 spear.
You die...

#..##.##.....(.
#..........##.##
##.#..###..#
#.#...# #
#<#Z#.# #.#W#.#
#.#O#.##..
#w..r......
#@..#.##>..
#.gg....+
##...#g##
##.##.# #.. .
#..? . #... ..
....


You could see a phantom, an ogre, a worm, 3 gnolls and a quokka.

Vanquished Creatures
  A bullfrog (D:3)
  2 adders
  A dart slug (D:2)
  6 endoplasms
  2 giant cockroaches (D:1)
  A goblin (D:3)
  2 hobgoblins
  8 ball pythons
  3 bats
  4 frilled lizards
  10 kobolds
  4 rats
44 creatures vanquished.

Notes
Turn   | Place    | Note
-------+----------+-------------------------------------------
     0 | D:1      | horus123 the Deep Elf Hunter began the quest for the Orb.
     0 | D:1      | Reached XP level 1. HP: 12/12 MP: 3/3
   121 | D:1      | Found Feomodagod's Armour Emporium.
   152 | D:1      | Reached XP level 2. HP: 17/17 MP: 4/4
   167 | D:1      | Found Ixteakanou's Assorted Antiques.
   232 | D:1      | Found Nujupuil's Magic Scroll Boutique.
   321 | D:1      | Reached skill level 6 in Bows
   337 | D:1      | Found a faded altar of an unknown god.
   642 | D:2      | Reached XP level 3. HP: 15/21 MP: 5/5
   896 | D:2      | Found a bloodstained altar of Trog.
  1471 | D:3      | Noticed a bullfrog
  1483 | D:3      | Killed a bullfrog
  1484 | D:3      | Reached skill level 7 in Bows
  1484 | D:3      | Reached XP level 4. HP: 17/26 MP: 6/6
  1763 | D:3      | Found a shimmering blue altar of Sif Muna.
  2316 | D:4      | Found a staircase to the Ecumenical Temple.
  2322 | D:4      | Noticed Blork the orc
  2341 | D:4      | HP: 1/26 [iguana (2)]
  2374 | D:4      | Noticed an ogre
  2380 | D:4      | Noticed a phantom
  2399 | D:4      | Slain by a gnoll

Illustrated notes

Levels and vault maps discovered:
D:1:      lightli_arrival_maybe_door_vault, layout_basic, serial_shops,
          nicolae_shop_trees, nicolae_shop_crystal, shop,
          shapermc_ecumenical_altar_mp_ritualfount
D:2:      layout_rooms, basic_altar, dk_vineyard_3, minivault_27,
          supply_closet_lemuel, hangedman_decor_growths,
          kennysheep_generic_room_12
D:3:      layout_basic, mainiacjoe_overflow_24_doors
D:4:      layout_loops_corners, gammafunk_temple_overflow_elements,
          minmay_temple_entry_wispy, minmay_misc_feat_alley,
          mrwooster_statue_mirror, uniq_pikel, uniq_blork_the_orc

Skill      XL: |  1  2  3 |
---------------+----------+-----
Bows           | 6 7 |  7.5
Stealth        | 2 |  2.2
Fighting       | |  1.9
Armour         | |  0.5
Dodging        | |  2.5

Action                   |  1- 3 |  4- 6 || total
-------------------------+-------+-------++-------
Melee: Short sword       |       |     8 ||     8
 Fire: Shortbow          |    81 |    32 ||   113
  Use: Scroll            |     2 |     2 ||     4
Armor: Leather armour    |     4 |       ||     4
       Chain mail        |       |    16 ||    16
Dodge: Dodged            |    16 |     4 ||    20
